Map: Ascension to Aiur LE

Players

SamuraiFunn

  • Race: Protoss Protoss
  • League: Platinum
  • Spawn Location: 5:00

A.I. 1 (Very Hard) - Winner!

  • Race: Terran Terran
  • Spawn Location: 11:00

VOD

Have the link to the VOD?

Description

Time

  • Played on: Nov. 30, 2017, 10:33 p.m.
  • Length: 14:07
Show
View Real Time Build Order
Export as new Build Order

SamuraiFunn Protoss 

Build Orders: Blink Stalkers 

Get SALT Encoding   

  12  0:01  Probe  
  13  0:18  Probe  
  14  0:21  Pylon  
  14  0:31  Probe  
  15  0:43  Probe (Chrono Boost)  
  15  0:48  Gateway  
  16  0:55  Probe (Chrono Boost)  
  17  1:03  Probe (Chrono Boost)  
  18  1:05  Pylon  
  18  1:08  Assimilator  
  18  1:09  Probe  
  19  1:21  Probe  
  20  1:34  Probe  
  21  1:41  Cybernetics Core, Zealot (Chrono Boost)  
  21  1:46  Probe  
  24  1:58  Probe  
  25  2:03  Nexus  
  25  2:10  Probe  
  25  2:12  Assimilator  
  26  2:24  Probe  
  26  2:25  Pylon  
  27  2:36  Probe  
  28  2:48  Probe  
  28  2:49  Stalker  
  31  2:54  Gateway  
  31  3:00  Warp Gate (Chrono Boost)  
  31  3:05  Twilight Council  
  31  3:18  Robotics Facility, Probe (Chrono Boost)  
  33  3:26  Probe (Chrono Boost)  
  34  3:30  Probe (Chrono Boost)  
  34  3:33  Probe x2  
  36  3:45  Stalker x2  
  40  3:58  Blink (Chrono Boost)  
  40  4:02  Probe x2  
  42  4:04  Assimilator  
  42  4:09  Assimilator  
  42  4:12  Pylon  
  42  4:14  Probe x2  
  44  4:19  Stalker x2  
  48  4:30  Observer  
  48  4:43  Probe x2  
  50  4:55  Probe  
  51  5:00  Probe  
  51  5:03  Gateway  
  52  5:07  Probe, Stalker  
  52  5:08  Stalker  
  57  5:17  Immortal  
  62  5:21  Probe  
  62  5:30  Pylon  
  62  5:33  Pylon  
  62  5:36  Pylon  
  62  5:39  Forge  
  62  5:41  Forge  
  62  5:48  Probe x2  
  64  5:59  Stalker x2  
  64  6:00  Probe x2  
  70  6:07  Immortal  
  74  6:12  Probe x2  
  74  6:15  Pylon  
  76  6:24  Probe x2  
  78  6:27  Nexus  
  78  6:36  Probe x2  
  80  6:42  Stalker  
  80  6:43  Pylon, Stalker x2  
  80  6:46  Pylon  
  86  6:56  Probe x2  
  88  7:06  Protoss Ground Armor Level 1 (Chrono Boost), Protoss Ground Weapons Level 1 (Chrono Boost)  
  88  7:10  Stalker x3  
  88  7:12  Probe x2  
  96  7:23  Pylon  
  96  7:31  Immortal  
  100  7:41  Robotics Facility  
  100  7:42  Probe x3  
  103  7:48  Assimilator  
  103  7:53  Assimilator  
  103  7:55  Robotics Facility  
  102  7:59  Stalker x3  
  108  8:10  Immortal  
  112  8:23  Stalker x3  
  118  8:37  Immortal  
  118  8:39  Probe  
  118  8:40  Probe x2  
  125  8:49  Stalker x3  
  125  8:50  Protoss Shields Level 1 (Chrono Boost)  
  131  8:59  Protoss Ground Weapons Level 2 (Chrono Boost)  
  131  9:14  Pylon  
  131  9:15  Pylon  
  131  9:16  Pylon  
  131  9:32  Probe x2, Immortal x2  
  131  9:33  Probe, Immortal  
  146  9:44  Probe  
  147  9:47  Nexus  
  147  9:52  Pylon  
  147  9:55  Pylon  
  147  9:58  Pylon  
  147  10:01  Stalker x3  
  153  10:11  Observer  
  153  10:12  Gateway x2, Observer  
  155  10:15  Gateway, Immortal  
  155  10:16  Gateway  
  155  10:18  Gateway  
  159  10:32  Immortal  
  159  10:33  Immortal  
  167  10:54  Warp Prism  
  169  11:02  Stalker x2  
  169  11:03  Stalker  
  175  11:11  Warp Prism  
  175  11:12  Warp Prism  
  124  11:41  Immortal  
  124  11:43  Stalker x3  
  124  11:44  Stalker x4  
  142  11:47  Immortal  
  142  11:48  Immortal  
  142  12:13  Stalker x2  
  142  12:14  Stalker x3  
  152  12:15  Stalker  
  152  12:16  Stalker x2  
  152  12:20  Immortal  
  162  12:26  Immortal  
  162  12:28  Immortal  
  170  12:33  Robotics Facility  
  170  12:35  Robotics Facility  
  170  12:36  Robotics Facility  
  170  12:48  Stalker x2  
  170  12:49  Stalker x3  
  170  12:50  Stalker  
  182  12:51  Stalker x2  
  159  13:27  Immortal x3  
  159  13:28  Stalker x2  
  159  13:29  Stalker x3  
  135  14:01  Stalker  
  135  14:02  Stalker x3  
Show
View Real Time Build Order
Export as new Build Order

A.I. 1 (Very Hard) Terran - Winner!

Build Orders: MMM Bio 

Get SALT Encoding   

  12  0:00  SCV  
  13  0:13  SCV  
  14  0:19  Supply Depot  
  14  0:25  SCV  
  15  0:30  Refinery  
  15  0:40  SCV  
  16  0:46  Barracks  
  16  0:52  SCV  
  17  1:04  SCV  
  17  1:09  Supply Depot  
  18  1:16  SCV  
  19  1:29  SCV  
  20  1:34  Marine  
  20  1:35  Factory  
  21  1:45  SCV  
  21  1:47  Barracks  
  22  1:52  Marine  
  23  1:57  SCV  
  24  2:02  Supply Depot  
  24  2:09  SCV, Marine  
  26  2:20  Factory Tech Lab  
  26  2:22  SCV  
  27  2:27  Marine  
  28  2:34  SCV  
  28  2:36  Marine  
  30  2:40  Siege Tank  
  33  2:46  SCV  
  34  3:04  Command Center  
  34  3:11  Orbital Command  
  34  3:17  Refinery  
  34  3:26  Marine  
  35  3:29  Marine  
  36  3:37  SCV  
  37  3:44  Marine  
  37  3:47  Marine  
  39  3:49  Supply Depot  
  39  3:59  Barracks  
  39  4:04  Barracks Tech Lab  
  39  4:06  Barracks Tech Lab  
  39  4:11  SCV  
  39  4:16  SCV  
  41  4:22  Marine  
  41  4:23  SCV  
  43  4:24  Marine  
  43  4:28  SCV, Stimpack  
  45  4:32  Combat Shields  
  45  4:35  SCV  
  46  4:39  Marine  
  46  4:40  SCV  
  46  4:43  Marauder  
  50  4:47  SCV  
  50  4:49  Barracks Reactor  
  50  4:52  SCV  
  52  4:57  Marine  
  52  4:58  Starport  
  52  4:59  SCV  
  54  5:04  SCV  
  54  5:05  Marauder  
  54  5:06  Supply Depot  
  57  5:11  SCV  
  58  5:16  SCV, Marauder  
  58  5:20  Refinery  
  61  5:25  Marine  
  61  5:26  Refinery  
  61  5:28  SCV, Marine  
  64  5:30  Supply Depot, Orbital Command  
  64  5:32  Marine  
  64  5:34  Medivac  
  67  5:37  Marauder  
  67  5:40  SCV  
  70  5:52  SCV, Engineering Bay, Marauder  
  70  5:54  Supply Depot  
  70  5:55  SCV  
  74  6:01  Marauder  
  76  6:04  SCV  
  76  6:08  SCV  
  78  6:14  Engineering Bay  
  78  6:16  SCV, Medivac, Marauder  
  83  6:20  SCV, Supply Depot, Terran Infantry Weapons Level 1  
  83  6:24  Marauder  
  86  6:31  Concussive Shells  
  86  6:35  Missile Turret  
  86  6:39  Missile Turret  
  86  6:40  Terran Infantry Armor Level 1  
  86  6:41  SCV, Marauder  
  86  6:43  SCV  
  86  6:45  Barracks  
  90  6:47  Supply Depot, Marauder  
  90  6:51  Starport Reactor  
  90  6:53  SCV  
  92  6:57  SCV  
  93  7:05  SCV  
  94  7:08  Missile Turret  
  94  7:09  Marine, Marauder  
  94  7:11  Supply Depot  
  97  7:26  Factory  
  97  7:27  Viking  
  97  7:28  Medivac  
  101  7:30  Starport  
  101  7:32  Command Center  
  101  7:33  Marauder  
  101  7:35  Supply Depot  
  103  7:38  Marine  
  103  7:40  Marine  
  103  7:41  Marine  
  106  7:54  Marauder  
  106  7:57  Medivac, Marauder  
  106  7:58  Viking  
  114  8:01  Supply Depot  
  114  8:06  Viking  
  116  8:16  Missile Turret  
  116  8:17  Factory Tech Lab  
  116  8:23  Marauder  
  116  8:25  Supply Depot  
  118  8:27  Marauder, Viking  
  118  8:32  Viking  
  124  8:37  Starport Tech Lab  
  124  8:45  Armory  
  124  8:52  SCV  
  124  8:54  SCV  
  126  8:55  High Capacity Fuel Tanks  
  126  8:56  SCV  
  126  8:57  Raven, Viking  
  131  9:04  SCV  
  131  9:06  SCV  
  132  9:10  SCV, Supply Depot  
  132  9:16  SCV, Missile Turret  
  134  9:18  SCV  
  134  9:22  SCV, Missile Turret  
  136  9:28  SCV  
  136  9:30  SCV  
  138  9:34  SCV, Supply Depot, Terran Infantry Weapons Level 2  
  139  9:39  Raven  
  139  9:40  SCV  
  139  9:43  Missile Turret  
  142  9:46  Hi-Sec Auto Tracking  
  142  9:49  Missile Turret, Orbital Command  
  142  9:52  Barracks Tech Lab, Barracks  
  142  9:56  Command Center  
  142  10:05  Ghost Academy  
  142  10:11  Marine  
  142  10:12  Marine, Missile Turret  
  144  10:16  Marine  
  144  10:17  Marine, Supply Depot  
  144  10:20  Marauder  
  148  10:26  Viking  
  150  10:29  Viking  
  150  10:30  Marauder  
  150  10:31  Terran Ship Weapons Level 1  
  150  10:34  Ghost  
  156  10:40  Ghost  
  156  10:41  Supply Depot  
  158  10:43  Building Armor  
  158  10:49  Refinery  
  158  10:50  Ghost  
  158  10:51  Marine  
  158  10:52  Armory  
  161  10:57  Marine, Refinery  
  161  10:59  Marine  
  161  11:03  Marauder  
  165  11:06  Supply Depot  
  165  11:08  SCV x3  
  165  11:09  SCV, Ghost, Marine  
  163  11:20  SCV, Marauder  
  163  11:21  SCV x2  
  163  11:22  SCV  
  163  11:24  Ghost, Marine  
  156  11:27  Marine  
  156  11:28  Marine  
  156  11:32  SCV  
  152  11:33  SCV  
  152  11:36  Planetary Fortress  
  152  11:38  Marine  
  152  11:39  Missile Turret  
  154  11:41  Marauder, Missile Turret  
  154  11:45  Marine  
  155  11:47  Marine x2, Refinery  
  155  11:53  Marauder  
  159  11:56  Marauder, Refinery  
  159  11:58  Liberator, Refinery  
  161  12:02  Marauder, Viking  
  161  12:03  Marine  
  161  12:05  Marine  
  161  12:07  Marine, Liberator  
  168  12:11  SCV, Command Center  
  168  12:14  Marine  
  172  12:17  Marauder  
  172  12:20  Marine  
  175  12:23  Marine  
  175  12:24  Marauder  
  175  12:25  Marine  
  182  12:32  Marine  
  183  12:38  Medivac, Marine  
  183  12:40  Marine  
  187  12:44  Marine  
  187  12:47  Marine x2  
  187  12:50  Marauder  
  192  12:56  Marine  
  192  12:58  Marauder, Viking  
  197  13:02  Marine  
  198  13:06  Marine x2  
  200  13:13  Missile Turret  
  200  13:14  Missile Turret  
  200  13:15  Medivac  
  200  13:17  Medivac  
  200  13:18  Marine  
  200  13:19  Marauder  
  197  13:20  Marine, Marauder  
  197  13:24  Marine x2  
  197  13:25  SCV  
  182  13:28  SCV  
  182  13:30  Refinery  
  182  13:31  SCV  
  182  13:32  SCV  
  180  13:37  SCV  
  180  13:38  Marauder  
  180  13:40  SCV, Marauder  
  180  13:43  SCV  
  180  13:44  SCV  
  176  13:49  SCV  
  176  13:52  SCV  
  176  13:53  Missile Turret  
  176  13:55  SCV  
Tags
 
Add a new tag
Caveats
  • Supply blocks, unpowered buildings, or Contaminate may cause inaccurate times.
  • Supply counts are checked every 10 seconds.